 Dungeon Crawl Stone Soup version 0.21.1-1-g345015f (webtiles) character file.

1545 shakethe the Changer (level 8, -2/54 HPs)
             Began as an Octopode Transmuter on Feb 7, 2018.
             Was a Priest of Cheibriados.
             Killed from afar by Dowan (17 damage)
             ... with a shard of ice
             ... on level 6 of the Dungeon.
             The game lasted 00:46:16 (11815 turns).

shakethe the Changer (Octopode Transmuter)         Turns: 11815, Time: 00:46:17

Health: -2/54      AC:  2    Str: 15    XL:     8   Next: 87%
Magic:  11/12      EV: 24    Int: 21    God:    Cheibriados [***...]
Gold:   212        SH:  0    Dex: 26    Spells: 3/13 levels left

rFire    + . .     SeeInvis +     - Unarmed
rCold    + . .     Gourm    .   (shield currently unavailable)
rNeg     + + .     Faith    .   (helmet currently unavailable)
rPois    x         Spirit   .   (no amulet)
rElec    .         Reflect  .   v - ring of protection from cold
rCorr    +         Harm     .   y - ring of protection from fire
MR       .....                  z - ring of stealth
Stlth    +++.......             B - ring of positive energy
HPRegen  0.18/turn              C - ring of see invisible
MPRegen  0.13/turn              I - ring of resist corrosion
                                D - ring of positive energy
                                (no ring)

@: spider-form, very slow
A: tiny, almost no armour, stealthy swim, (amphibious), 8 rings, (constrict 8)
a: End Transformation, Bend Time, Temporal Distortion, Renounce Religion


You were on level 6 of the Dungeon.
You worshipped Cheibriados.
Cheibriados was most pleased with you.
You were not hungry.
You were a venomous arachnid creature.
You visited 2 branches of the dungeon, and saw 7 of its levels.
You also visited: Sewer.

You collected 212 gold pieces.

Inventory:

Missiles
 a - 39 arrows
 J - 6 poisoned tomahawks (quivered)
Armour
 k - a +1 hat (melded)
Jewellery
 r - an uncursed ring of ice
 v - a ring of protection from cold (left front leg)
 y - a ring of protection from fire (right front leg)
 z - a ring of stealth (on tentacle)
 B - a ring of positive energy (on tentacle)
 C - a ring of see invisible (on tentacle)
 D - a ring of positive energy (on tentacle)
 I - a ring of resist corrosion (on tentacle)
Wands
 s - a wand of acid (14)
 E - a wand of clouds (5)
Scrolls
 f - 4 scrolls of identify
 g - 2 scrolls of amnesia
 h - 2 scrolls of enchant armour
 l - 3 scrolls of teleportation
 m - 3 scrolls of immolation
 t - 4 scrolls of remove curse
 u - a scroll of random uselessness {unknown}
 x - a scroll of fear {unknown}
 G - a scroll of magic mapping
Potions
 d - 3 potions of mutation {unknown}
 e - 3 potions of brilliance {unknown}
 i - a potion of agility {unknown}
 j - 4 potions of curing {unknown}
 n - 3 potions of haste {unknown}
 o - a potion of degeneration {unknown}
 p - 6 potions of heal wounds {unknown}
 q - a potion of might {unknown}
 w - a potion of invisibility {unknown}
 A - a potion of flight {unknown}
 F - a potion of berserk rage {unknown}
 H - a potion of lignification {unknown}
Books
 b - a book of Changes

   Spells                             Type                      Level
   a - Beastly Appendage              Transmutation                1
   b - Sticks to Snakes               Transmutation                2
   c - Spider Form                    Transmutation/Poison         3
   d - Ice Form                       Ice/Transmutation            4
   e - Blade Hands                    Transmutation                5
Comestibles
 c - 6 rations


   Skills:
 + Level 3.8 Fighting
 + Level 4.1 Dodging
 - Level 0.9 Stealth
 * Level 6.0 Unarmed Combat
 - Level 3.0 Spellcasting
 + Level 6.2 Transmutations
 + Level 2.3 Ice Magic
 - Level 3.5 Poison Magic


You had 3 spell levels left.
You knew the following spells:

 Your Spells              Type           Power        Failure   Level  Hunger
a - Beastly Appendage     Tmut           ####..       5%          1    None
b - Sticks to Snakes      Tmut           ####....     7%          2    ##.....
c - Spider Form           Tmut/Pois      ###.......   16%         3    ###....
d - Ice Form              Ice/Tmut       ###.....     43%         4    ####...


Dungeon Overview and Level Annotations

Branches:
Dungeon (6/15)             Temple (1/1) D:4

Altars:
Ashenzari
Cheibriados
Dithmenos
Elyvilon
Fedhas
Gozag
Hepliaklqana
Kikubaaqudgha
Makhleb
Nemelex Xobeh
Okawaru
Qazlal
Ru
Trog
Vehumet
Xom
Yredelemnul
Zin
The Shining One

Annotations:
D:6 Dowan


Innate Abilities, Weirdness & Mutations

You cannot wear most types of armour.
You are very stealthy in the water. (Stealth+)
((You are amphibious.))
You can wear up to eight rings at the same time.
((You can use your tentacles to constrict eight enemies at once.))
((Your skin changes colour to match your surroundings (Stealth+).))
((Your rubbery body absorbs attacks. (AC +1, EV +1)))


Message History

* * * LOW HITPOINT WARNING * * *
Dowan smirks and points a slender finger.
Dowan casts a spell.
Dowan blinks!
You kill Duvessa!
Cheibriados thoroughly appreciates the change of pace.
Dowan seems overcome with grief, but rights himself reflexively soon after.
Dowan seems to find hidden reserves of power!
Your Unarmed Combat skill increases to level 6!
Dowan casts a spell.
Dowan blinks!
Dowan says, "How can I live without her?"
The worm misses you.
Casting: Spider Form
Confirm with . or Enter, or press ? or * to list all spells.
Okay, then.
You fail to use your ability.
Dowan gestures at you while chanting. The shard of ice hits you!
You partially resist.
You die...

#.................)##.#.#
####.....^............##.#.#
#.....................##.#.#
#..........###...#######.#.#
#.........[..............#.#
#........†.................#
.....e.######).e..............###
....... #..w............)....
...e... #...s............>...
....... ##########...........
....... #.......##### ..w....
#.......# ....... #...##### #...#
#...# #...# #####


You could see Dowan and a worm.

Vanquished Creatures
  Duvessa (D:6)
  A phantom (D:5)
  An ogre (D:6)
  2 bullfrogs (D:6)
  A gnoll sergeant (D:6)
  2 scorpions
  A crimson imp (D:5)
  A bullfrog zombie (D:6)
  4 hounds
  3 jellies
  A bullfrog skeleton (D:4)
  An orc priest (D:4)
  2 centaur skeletons
  3 iguanas
  4 worker ants
  Natasha (D:2)
  A worker ant zombie (D:5)
  9 adders
  6 gnolls
  6 river rats (Sewer)
  4 oozes
  A worm (D:4)
  2 dart slugs
  A leopard gecko (D:3)
  13 orcs
  5 giant cockroaches
  5 hobgoblins
  22 jackals
  2 quokkas
  7 ball pythons
  14 bats
  9 frilled lizards
  16 goblins
  28 kobolds
  25 rats
205 creatures vanquished.

Vanquished Creatures (collateral kills)
  An adder (D:2)
  A goblin (D:2)
2 creatures vanquished.

Vanquished Creatures (others)
  The ghost of Frank the Slasher, a novice OpFi (D:4)
1 creature vanquished.

Grand Total: 208 creatures vanquished

Notes
Turn   | Place    | Note
-------+----------+-------------------------------------------
     0 | D:1      | shakethe the Octopode Transmuter began the quest for the Orb.
     0 | D:1      | Reached XP level 1. HP: 13/13 MP: 3/3
    56 | D:1      | Reached XP level 2. HP: 14/18 MP: 3/5
   220 | D:1      | Learned a level 2 spell: Sticks to Snakes
   383 | D:1      | Reached XP level 3. HP: 20/23 MP: 4/6
  1082 | D:2      | Learned a level 3 spell: Spider Form
  1243 | D:2      | Reached XP level 4. HP: 26/28 MP: 3/7
  1268 | D:2      | Reached skill level 1 in Poison Magic
  1767 | D:2      | Reached XP level 5. HP: 17/33 MP: 6/8
  1944 | D:2      | Found a burning altar of Makhleb.
  2033 | D:2      | Noticed Natasha
  2055 | D:2      | Found a glowing silver altar of Zin.
  2063 | D:2      | Killed Natasha
  3021 | D:3      | Found a blossoming altar of Fedhas.
  3161 | D:3      | Found a deep blue altar of Sif Muna.
  3163 | D:3      | Found a shattered altar of Ashenzari.
  3163 | D:3      | Found a sparkling altar of Nemelex Xobeh.
  3165 | D:3      | Found a glowing silver altar of Zin.
  3165 | D:3      | Found a hide-covered altar of Uskayaw.
  3165 | D:3      | Found a shimmering altar of Xom.
  3539 | D:3      | Reached XP level 6. HP: 21/38 MP: 5/9
  4473 | D:4      | Reached skill level 5 in Transmutations
  4564 | D:4      | Found a white marble altar of Elyvilon.
  4564 | D:4      | Killed Frank's ghost
  5772 | D:4      | Reached XP level 7. HP: 45/45 MP: 3/10
  6300 | D:4      | Found a staircase to the Ecumenical Temple.
  6309 | Temple   | Entered the Ecumenical Temple
  7139 | D:5      | Entered Level 5 of the Dungeon
  7143 | D:5      | Found a snail-covered altar of Cheibriados.
  7144 | D:5      | Found a shattered altar of Ashenzari.
  7149 | D:5      | Became a worshipper of Cheibriados the Contemplative
  7305 | D:5      | Found a glowing drain.
  7321 | Sewer    | Entered a sewer
  7691 | Sewer    | Reached * piety under Cheibriados
  8222 | Sewer    | Learned a level 4 spell: Ice Form
  8502 | Sewer    | Reached ** piety under Cheibriados
  9731 | D:5      | Reached XP level 8. HP: 40/51 MP: 12/12
  9950 | D:5      | Found an iron altar of Okawaru.
  9959 | D:5      | Reached skill level 1 in Ice Magic
 10270 | D:5      | Found a sparkling altar of Nemelex Xobeh.
 10614 | D:6      | Reached skill level 5 in Unarmed Combat
 10975 | D:6      | Found a shimmering altar of Xom.
 11060 | D:6      | Found a bloodstained altar of Trog.
 11170 | D:6      | Reached *** piety under Cheibriados
 11787 | D:6      | Noticed Dowan
 11792 | D:6      | Noticed Duvessa
 11812 | D:6      | Killed Duvessa
 11815 | D:6      | Killed from afar by Dowan

Skill      XL: |  1  2  3  4  5  6  7  8 |
---------------+-------------------------+-----
Transmutations | 3 4 5 6 |  6.2
Poison Magic   | 2 3 |  3.5
Fighting       | 2 3 |  3.8
Unarmed Combat | 4 6 |  6.0
Dodging        | 3 4 |  4.1
Spellcasting   | 3 |  3.0
Ice Magic      | 2 |  2.3
Stealth        | |  0.9

Action                   |  1- 3 |  4- 6 |  7- 9 || total
-------------------------+-------+-------+-------++-------
Melee: Unarmed           |    73 |   180 |   277 ||   530
       Kick              |    18 |    34 |    45 ||    97
       Constrict         |    25 |    37 |    55 ||   117
       Tentacles         |     9 |    25 |    42 ||    76
       Punch             |     1 |     4 |    10 ||    15
 Cast: Beastly Appendage |    18 |    35 |    38 ||    91
       Sticks to Snakes  |     4 |     2 |       ||     6
       Spider Form       |       |     8 |    11 ||    19
  Use: Scroll            |       |       |    10 ||    10
 Stab: Sleeping          |     1 |     4 |    12 ||    17
  Eat: Chunk             |     2 |    10 |    12 ||    24
       Ration            |       |     2 |       ||     2
Armor: Skin              |     5 |    20 |    28 ||    53
Dodge: Dodged            |    76 |   146 |   255 ||   477
